 Dungeon Crawl Stone Soup version 0.17-a0-1164-g0ba867e (webtiles) character file.

4440 gfgf4550 the Basher (level 10, -10/61 HPs)
             Began as a Gargoyle Fighter on May 28, 2015.
             Was a Believer of Makhleb.
             Mangled by a hill giant
             ... wielding a +0 giant club
              (14 damage)
             ... on level 9 of the Dungeon.
             The game lasted 00:46:10 (10295 turns).

gfgf4550 the Basher (Gargoyle Fighter)             Turns: 10295, Time: 00:46:10

Health: -10/61     AC: 23    Str: 27    XL:     10   Next: 37%
Magic:  13/13      EV:  7    Int: 10    God:    Makhleb [**....]
Gold:   566        SH: 11    Dex:  9    Spells: 0 memorised, 9 levels left

rFire  + . .     SeeInvis .     a - +0 flail
rCold  . . .     Clarity  .     M - +1 chain mail {MR+}
rNeg   + . .     SustAt   .     c - +0 shield
rPois  ∞         Gourm    .     (no helmet)
rElec  +         Spirit   .     q - +2 cloak
rCorr  .         Warding  .     (no gloves)
rMut   .         Stasis   .     L - +0 pair of boots
MR     +....                    t - amulet of inaccuracy (curse)
Stlth  ..........               J - ring of protection from cold
                                N - ring of fire

@: mighty, very slightly contaminated, hasted, very quick, somewhat resistant to
hostile enchantments, extremely unstealthy
A: negative energy resistance 1, electricity resistance, unbreathing,
petrification resistance, rot immunity, AC +7
a: Minor Destruction, Renounce Religion


You were on level 9 of the Dungeon.
You worshipped Makhleb.
Makhleb was pleased with you.
You were not hungry.

You visited 2 branches of the dungeon, and saw 10 of its levels.
You visited the Abyss 1 time.

You collected 566 gold pieces.

Inventory:

Hand weapons
 a - a +0 flail (weapon)
Armour
 c - a +0 shield (worn)
 q - a +2 cloak (worn)
 L - a +0 pair of boots (worn)
 M - a +1 chain mail of magic resistance (worn)
Rods
 G - a +0 rod of inaccuracy (9/9)
   (You found it on level 6 of the Dungeon)
Jewellery
 s - a +3 ring of intelligence
 t - a cursed amulet of inaccuracy (around neck)
 J - a ring of protection from cold (right hand)
 K - an uncursed ring of teleport control
 N - a ring of fire (left hand)
Magical devices
 m - a wand of random effects (38)
Scrolls
 b - 2 scrolls of magic mapping
 i - a scroll of noise
 j - 2 scrolls of amnesia
 k - 2 scrolls of blinking
 p - 2 scrolls of teleportation
 r - a scroll of enchant weapon {unknown}
 v - a scroll of fog {unknown}
 x - 4 scrolls of recharging
 y - a scroll of remove curse {unknown}
 D - 3 scrolls of fear
 E - 3 scrolls of immolation
Potions
 f - 5 potions of curing
 g - a potion of haste
 h - a potion of lignification
 o - 2 potions of magic
 u - a potion of cancellation {unknown}
 w - 2 potions of cure mutation {unknown}
 z - a potion of poison {unknown}
 B - 2 potions of heal wounds
 C - a potion of berserk rage {unknown}
 F - a potion of agility {unknown}
Comestibles
 d - a chunk of flesh
 e - 7 bread rations
 A - a meat ration
 H - 9 royal jellies
 I - 3 fruits


   Skills:
 + Level 6.8 Fighting
 * Level 9.7 Maces & Flails
 + Level 6.7 Armour
 + Level 7.9 Shields
 * Level 4.9 Invocations
 + Level 2.0 Evocations


You had 9 spell levels left.
You didn't know any spells.

Dungeon Overview and Level Annotations

Branches:
Dungeon (9/15)             Temple (1/1) D:7
   Lair: D:8-11         Orc: D:9-12

Altars:
Ashenzari
Cheibriados
Dithmenos
Elyvilon
Fedhas
Gozag
Kikubaaqudgha
Makhleb
Nemelex Xobeh
Okawaru
Qazlal
Ru
Sif Muna
Trog
Vehumet
Xom
Yredelemnul
Zin
The Shining One

Shops:
D:7 *

Annotations:
D:8 Maurice


Innate Abilities, Weirdness & Mutations

You are resistant to torment.
Your stone body is resilient (AC +7).
You are immune to poison.
You resist negative energy.
You are resistant to electric shocks.
You can survive without breathing.
You are immune to petrification.
You are immune to rotting.


Message History

The hill giant hits you with a giant club!
You thump the hill giant!
The hill giant is heavily wounded.
You hit the hill giant.
The hill giant is heavily wounded.
You hit the hill giant.
The hill giant is heavily wounded.
The hill giant hits you with a giant club!!
You closely miss the hill giant.
The hill giant is heavily wounded.
You closely miss the hill giant.
The hill giant is heavily wounded.
The hill giant hits you with a giant club!
* * * LOW HITPOINT WARNING * * *
You hit the hill giant.
The hill giant is severely wounded.
You hit the hill giant.
The hill giant is severely wounded.
The hill giant hits you with a giant club!
You die...

##### ....# ###.######### #.
###.#.......##### #.#
).[...###.......# #.#
###.####......[.## ##.## ....#
#.........# #...#
########.....#...# #...#######
.......#.......C@# #.........#
.......#..)......#####...#####.#
.......#...###...#...........#.##
...........# #.....>..........)..
.......###.###.###.C.........#.#.
.......# #.....# #####.......>.#.
.......# ####.## #...#######.
######## #.# #.C.# ## # #.# #...#


You could see a hill giant.

Vanquished Creatures
  Psyche (D:8)
  Prince Ribbit (D:8)
  The ghost of Chiseanne the Covered, an average DsWn (D:4)
  Sigmund (D:4)
  Eustachio (D:4)
  A small abomination (Abyss:1)
  Menkaure (D:4)
  Duvessa (D:4)
  A sky beast (D:7)
  5 phantoms
  An ogre (D:9)
  2 orc warriors
  2 wasps (D:8)
  2 centaurs
  4 giant frogs
  Dowan (D:4)
  4 scorpions
  6 killer bees (D:9)
  A vampire bat (D:3)
  2 jellies
  11 crimson imps
  A giant frog skeleton (D:9)
  An iguana (D:8)
  2 orc priests
  4 hounds
  Crazy Yiuf (D:2)
  2 orc wizards
  A centaur skeleton (D:7)
  7 worker ants
  A hound skeleton (D:6)
  4 gnolls (D:3)
  8 adders
  3 white imps
  2 oozes
  An adder zombie (D:5)
  6 giant geckos
  19 orcs
  5 giant cockroaches
  12 hobgoblins
  24 jackals
  9 kobolds
  5 quokkas
  A ball python (D:3)
  14 bats
  A giant gecko zombie (D:7)
  7 giant newts
  12 goblins
  14 rats
217 creatures vanquished.

Vanquished Creatures (others)
  A white imp (Abyss:1)
  17 starspawn tentacles (Abyss:1)
  634 starspawn tentacle segments (Abyss:1)
652 creatures vanquished.

Grand Total: 869 creatures vanquished

Notes
Turn   | Place    | Note
--------------------------------------------------------------
     0 | D:1      | gfgf4550 the Gargoyle Fighter began the quest for the Orb.
     0 | D:1      | Reached XP level 1. HP: 14/14 MP: 1/1
   133 | D:1      | Reached XP level 2. HP: 17/19 MP: 2/2
   671 | D:2      | Found a shimmering altar of Xom.
   674 | D:2      | Reached XP level 3. HP: 23/23 MP: 3/3
   879 | D:2      | Reached skill level 4 in Shields
  1161 | D:2      | Found an iron altar of Okawaru.
  1257 | D:2      | Reached XP level 4. HP: 26/28 MP: 4/4
  1293 | D:2      | Noticed Crazy Yiuf
  1315 | D:2      | Killed Crazy Yiuf
  1463 | D:2      | Found a glowing golden altar of the Shining One.
  1633 | D:3      | Noticed a giant frog
  1646 | D:3      | Killed a giant frog
  1646 | D:3      | Reached XP level 5. HP: 22/32 MP: 5/5
  1961 | D:3      | Found a radiant altar of Vehumet.
  2048 | D:3      | Reached skill level 5 in Maces & Flails
  2282 | D:3      | Reached skill level 5 in Shields
  2282 | D:3      | Reached XP level 6. HP: 28/37 MP: 6/6
  2353 | D:3      | Found a white marble altar of Elyvilon.
  2759 | D:4      | Noticed Menkaure
  2933 | D:4      | Killed Menkaure
  2933 | D:4      | Reached skill level 6 in Maces & Flails
  2933 | D:4      | Reached XP level 7. HP: 24/42 MP: 7/7
  3292 | D:4      | Noticed Sigmund
  3298 | D:4      | Noticed Eustachio
  3299 | D:4      | Noticed Chiseanne's ghost (average DsWn)
  3383 | D:4      | Noticed Dowan
  3385 | D:4      | Noticed Duvessa
  3752 | D:4      | Killed Dowan
  3758 | D:4      | Killed Chiseanne's ghost
  3758 | D:4      | Reached skill level 7 in Maces & Flails
  3758 | D:4      | Reached XP level 8. HP: 28/48 MP: 8/8
  3769 | D:4      | Killed Duvessa
  4020 | D:4      | Killed Eustachio
  4107 | D:4      | Killed Sigmund
  4107 | D:4      | Reached skill level 5 in Fighting
  4107 | D:4      | Reached skill level 5 in Armour
  4471 | D:5      | Entered Level 5 of the Dungeon
  4520 | D:5      | Found a stormy altar of Qazlal.
  4553 | D:5      | Found a sparkling altar of Nemelex Xobeh.
  4933 | D:5      | Reached skill level 8 in Maces & Flails
  5032 | D:5      | Found an opulent altar of Gozag.
  5586 | D:6      | Reached XP level 9. HP: 44/54 MP: 9/9
  6914 | D:7      | Found a staircase to the Ecumenical Temple.
  6921 | Temple   | Entered the Ecumenical Temple
  7038 | Temple   | Became a worshipper of Makhleb the Destroyer
  7057 | D:7      | Found a blossoming altar of Fedhas.
  7220 | D:7      | Found Zin's Purification Station.
  7221 | D:7      | Found a glowing silver altar of Zin.
  7459 | D:7      | Reached skill level 1 in Invocations
  7938 | D:8      | Found a sparkling altar of Nemelex Xobeh.
  7978 | D:8      | Reached skill level 9 in Maces & Flails
  8065 | D:8      | Acquired Makhleb's first power
  8299 | D:8      | Identified a +0 rod of inaccuracy (9/9) (You found it on level 6 of the Dungeon)
  8337 | D:8      | Noticed Maurice
  8372 | D:8      | Noticed Prince Ribbit
  8398 | D:8      | Killed Prince Ribbit
  8775 | D:8      | Found a bloodstained altar of Trog.
  8777 | D:8      | Found a white marble altar of Elyvilon.
  8779 | D:8      | Found an ancient bone altar of Kikubaaqudgha.
  8781 | D:8      | Found a basalt altar of Yredelemnul.
  8816 | D:8      | Noticed Psyche
  8927 | D:8      | Reached XP level 10. HP: 61/61 MP: 12/12
  8929 | D:8      | Reached skill level 1 in Evocations
  9630 | D:9      | Noticed a hill giant
  9782 | D:9      | Acquired Makhleb's second power
 10037 | D:8      | Cast into the Abyss (Psyche)
 10178 | Abyss:1  | Noticed an apocalypse crab
 10186 | Abyss:1  | Noticed a tentacled starspawn
 10262 | D:8      | Escaped the Abyss
 10275 | D:8      | Killed Psyche
 10293 | D:9      | HP: 3/61 [hill giant/giant club (16)]
 10295 | D:9      | Mangled by a hill giant

Vault maps used:
D:1:      dpeg_arrival_pits, minmay_misc_feat_rows
D:2:      okawaru_gym_becter, xom_butterflies, tso_altar,
          minmay_misc_feat_more_columns, kennysheep_generic_room_3,
          uniq_crazy_yiuf_cottage
D:3:      vehumet_crystals, grunt_ministairs_2, minivault_4, roderic_batcave,
          elyvilon_altar_5
D:4:      uniq_duvessa, uniq_sigmund, uniq_eustachio, uniq_menkaure
D:5:      nicolae_overflow_crystal_walls, nemelex_deck,
          nicolae_qazlal_general_emergency, first_bread, roderic_lattice_a,
          corexii_hall_statues_deadend
D:7:      zin_purify, fedhas_altar_2, minmay_temple_entry_junction
D:8:      minitemple, basic_altar, hangedman_pestilent_swarm, minmay_holes,
          minmay_nine_imps, uniq_psyche, uniq_erica, uniq_maurice,
          uniq_prince_ribbit1
Temple:   temple_of_Zot_ovaries

Action                   |  1- 3 |  4- 6 |  7- 9 | 10-12 || total
-------------------------+-------+-------+-------+-------++-------
Melee: Flail             |   140 |   241 |  1026 |   418 ||  1825
Invok: Minor Destruction |       |       |       |     3 ||     3
Evoke: Wand              |       |       |     5 |       ||     5
       Rod               |       |       |     3 |       ||     3
  Use: Scroll            |       |     6 |     7 |     2 ||    15
       Potion            |       |       |     1 |     2 ||     3
 Stab: Paralysed         |       |       |     5 |       ||     5
       Invisible         |       |       |       |     2 ||     2
  Eat: Chunk             |     1 |     6 |    13 |     6 ||    26
       Fruit             |       |       |     1 |     2 ||     3
       Meat ration       |       |       |     1 |       ||     1
       Pizza             |       |       |     1 |       ||     1
